 Dungeon Crawl Stone Soup version 0.24.0-123-gd5b16e6ec5 (webtiles) character file.

Game seed: 3649634411415674140, levelgen mode: deterministic

2889 Elellon the Grappler (level 9, -5/88 HPs)
             Began as a Troll Monk on Jan 8, 2020.
             Slain by a cyan ugly thing (14 damage)
             ... on level 7 of the Dungeon.
             The game lasted 00:08:22 (4109 turns).

Elellon the Grappler (Troll Monk)                   Turns: 4109, Time: 00:08:23

Health: -5/88      AC:  8    Str: 24    XL:     9   Next: 48%
Magic:  8/8        EV: 12    Int:  6    God:
Gold:   136        SH:  0    Dex: 12    Spells: 8/8 levels left

rFire    . . .     SeeInvis .     - Unarmed
rCold    . . .     Gourm    +   (no shield)
rNeg     . . .     Faith    .   a - +0 robe
rPois    .         Spirit   .   k - +2 hat
rElec    .         Reflect  .   (no cloak)
rCorr    .         Harm     .   (gloves unavailable)
MR       .....                  (boots unavailable)
Stlth    ++........             (no amulet)
HPRegen  0.64/turn              (no ring)
MPRegen  0.11/turn              (no ring)

@: lightly drained
A: large, unfitting armour, claws 3, fast metabolism 3, gourmand, regeneration
1, shaggy fur 1, tough skin 3
a: no special abilities


You were on level 7 of the Dungeon.
You were completely stuffed.

You visited 1 branch of the dungeon, and saw 7 of its levels.

You collected 172 gold pieces.
You spent 36 gold pieces at shops.

Inventory:

Hand Weapons
 v - a +0 giant club
Missiles
 m - 36 poisoned darts (quivered)
Armour
 a - a +0 robe (worn)
 k - a +2 hat (worn)
Jewellery
 i - a +3 ring of slaying {unknown}
 o - an uncursed ring of see invisible {unknown}
 u - an uncursed amulet of magic regeneration {unknown}
 w - an uncursed amulet of regeneration {unknown}
 C - an uncursed ring of protection from magic {unknown}
Wands
 t - a wand of paralysis (13)
 x - a wand of flame (21)
 B - a wand of digging (1)
Scrolls
 c - 2 scrolls of teleportation {unknown}
 h - 2 scrolls of enchant weapon {unknown}
 j - 2 scrolls of immolation {unknown}
 l - a scroll of blinking {unknown}
 n - a scroll of magic mapping {unknown}
 p - a scroll of amnesia {unknown}
 r - 8 scrolls of identify
 y - 2 scrolls of fear {unknown}
 A - 2 scrolls of remove curse {unknown}
Potions
 e - 2 potions of flight {unknown}
 f - a potion of heal wounds {unknown}
 g - 3 potions of might {unknown}
 q - a potion of mutation {unknown}
 s - 7 potions of curing {unknown}
 z - a potion of invisibility {unknown}
Comestibles
 b - 10 rations
 d - a chunk of flesh


   Skills:
 + Level 5.5(5.2) Fighting
 + Level 5.4(5.2) Dodging
 + Level 3.7(3.5) Stealth
 * Level 9.0(8.7) Unarmed Combat


You had 8 spell levels left.
You didn't know any spells.
Your spell library was empty.

Dungeon Overview and Level Annotations

Branches:
Dungeon (7/15)
 Temple: D:4-7

Altars:
Elyvilon
Gozag
Sif Muna
Trog
Uskayaw
Zin
The Shining One

Shops:
D:4 *

Annotations:
D:6 2 transporters, smzp's ghost, novice HuFE


Innate Abilities, Weirdness & Mutations

You are too large for most types of armour.
You have claws for hands.
Your metabolism is lightning-fast.
You like to eat raw meat.
Your natural rate of healing is unusually fast.
You are covered in fur. (AC +1)
You have extremely tough skin. (AC +3)


Message History

A slime creature comes into view.
An orc comes into view. It is wielding a +0 short sword.
The cyan ugly thing engulfs you. The cyan ugly thing shocks you!
You are too injured to fight recklessly!
You are too injured to fight recklessly!
You are too injured to fight recklessly!
You are too injured to fight recklessly!
You are too injured to fight recklessly!
The cyan ugly thing barely misses you.
You see here a +0 giant spiked club.
The cyan ugly thing engulfs you! The cyan ugly thing shocks you!
* * * LOW HITPOINT WARNING * * *
You barely miss the cyan ugly thing.
The cyan ugly thing is moderately wounded.
You closely miss the cyan ugly thing.
The cyan ugly thing is moderately wounded.
The cyan ugly thing engulfs you!
* * * LOW HITPOINT WARNING * * *
The cyan ugly thing shocks you!
You die...

.. ....# .. . .##.#.# #.#
.. .#.#.# ###.#### ...
##..#.####.......
#...#...#.#......≈≈##
#### ##.....#)#.##.#.≈##⌠
...##
.###..)..#.##...≈#§§
#o..#.#.###)÷........§#§§
#....#.@.###...###..≈#§.
#.o!##u#...###...##.))..
#.#)#..###...'##....≈#≈.
# #.#o##...###....##§#≈.
#.#..#.###......##≈#≈≈
#....###........##§##⌠
#..###....#.....##§§ #
####).....#.....####
##...##.#########


You could see a cyan ugly thing and an orc.

Vanquished Creatures
  A two-headed ogre (D:5)
  Pikel (D:5)
  A wyvern (D:4)
  Eustachio (D:4)
  An orc warrior (D:6)
  3 ogres
  A slave (D:5)
  A centaur (D:6)
  A bullfrog (D:6)
  A scorpion (D:5)
  4 wights (D:7)
  A crimson imp (D:6)
  2 hounds
  A jelly (D:6)
  3 orc priests
  2 orc wizards (D:4)
  Ijyb (D:4)
  3 iguanas
  3 worker ants
  A killer bee zombie (D:7)
  9 gnolls
  7 adders
  3 oozes
  An adder zombie (D:6)
  An adder skeleton (D:4)
  6 worms
  2 dart slugs
  2 leopard geckos
  17 orcs
  12 bats
  6 giant cockroaches
  8 hobgoblins
  9 jackals
  4 quokkas
  A ball python (D:4)
  4 frilled lizards
  2 giant cockroach zombies (D:5)
  7 goblins
  A jackal skeleton (D:5)
  A jackal zombie (D:5)
  10 kobolds
  A leopard gecko skeleton (D:4)
  8 rats
155 creatures vanquished.

Vanquished Creatures (others)
  An orc wizard (D:6)
1 creature vanquished.

Grand Total: 156 creatures vanquished

Notes
Turn   | Place    | Note
-------+----------+-------------------------------------------
     0 | D:1      | Elellon the Troll Monk began the quest for the Orb.
     0 | D:1      | Reached XP level 1. HP: 22/22 MP: 0/0
    87 | D:1      | Reached XP level 2. HP: 22/29 MP: 1/1
   297 | D:1      | Reached XP level 3. HP: 36/36 MP: 2/2
   762 | D:2      | Found a glowing golden altar of the Shining One.
  1038 | D:2      | Found a glowing golden altar of the Shining One.
  1335 | D:3      | Reached XP level 4. HP: 44/44 MP: 3/3
  1403 | D:3      | Reached skill level 4 in Unarmed Combat
  1511 | D:3      | You fall into a shaft and drop 2 floors!
  1511 | D:5      | Entered Level 5 of the Dungeon
  1511 | D:5      | Noticed a slave
  1541 | D:5      | Noticed Pikel
  1550 | D:5      | Noticed a slave
  1557 | D:5      | Noticed a slave
  1569 | D:5      | Killed a slave
  1571 | D:5      | Noticed a slave
  1583 | D:5      | Killed Pikel
  1583 | D:5      | Reached skill level 5 in Unarmed Combat
  1583 | D:5      | Reached XP level 5. HP: 30/54 MP: 4/4
  1583 | D:5      | Reached XP level 6. HP: 35/62 MP: 5/5
  1583 | D:5      | Reached XP level 7. HP: 38/68 MP: 6/6
  1643 | D:5      | Reached skill level 6 in Unarmed Combat
  1677 | D:5      | Found a glowing silver altar of Zin.
  1677 | D:5      | Found a white marble altar of Elyvilon.
  1681 | D:5      | Found a shimmering blue altar of Sif Muna.
  1710 | D:5      | Noticed a two-headed ogre
  1718 | D:5      | Killed a two-headed ogre
  1718 | D:5      | Reached skill level 7 in Unarmed Combat
  1718 | D:5      | Reached XP level 8. HP: 25/79 MP: 7/7
  1954 | D:3      | Found a hide-covered altar of Uskayaw.
  1985 | D:4      | Noticed Ijyb
  1999 | D:4      | Killed Ijyb
  2020 | D:4      | Found Xigud's General Store.
  2035 | D:4      | Bought a potion of degeneration for 12 gold pieces
  2035 | D:4      | Bought a scroll of identify for 24 gold pieces
  2748 | D:3      | Found an opulent altar of Gozag.
  2854 | D:4      | Noticed Eustachio
  2888 | D:4      | Killed Eustachio
  2888 | D:4      | Reached skill level 5 in Fighting
  2888 | D:4      | Reached skill level 8 in Unarmed Combat
  3091 | D:5      | Reached skill level 5 in Dodging
  3091 | D:5      | Reached XP level 9. HP: 88/88 MP: 8/8
  3548 | D:6      | Found a transporter.
  3754 | D:6      | Found a transporter.
  3755 | D:6      | Noticed smzp's ghost (novice HuFE)
  4049 | D:7      | Found a bloodstained altar of Trog.
  4092 | D:7      | Reached skill level 9 in Unarmed Combat
  4094 | D:7      | Noticed a cyan ugly thing
  4109 | D:7      | Slain by a cyan ugly thing

Levels and vault maps discovered:
D:1:      dpeg_arrival_erosion, layout_rooms
D:2:      layout_loops_ring, lemuel_round_altar, serial_park_tiny_2,
          nicolae_tso_carved_into_rock
D:3:      layout_loops_cross, marbit_many_paths, nicolae_overflow_hidden_temple
D:4:      layout_rooms, serial_shops, nicolae_shop_crystal,
          kennysheep_generic_room_14, uniq_eustachio, uniq_ijyb
D:5:      layout_loops_ring, lemuel_crystal_altar,
          gammafunk_temple_overflow_wave, first_ration, uniq_pikel
D:6:      layout_rooms, gammafunk_ghost_smash, serial_bayou_pond_e
D:7:      minmay_the_grid_four_pointed_star
          [minmay_the_grid_triangle_9x9_intruding_spiral,
          minmay_the_grid_triangle_9x9_shrine,
          minmay_the_grid_triangle_9x9_sprig,
          minmay_the_grid_triangle_9x9_corrupted_corridor,
          minmay_the_grid_prize_inner_circle], layout_loops_cross,
          lightli_temple_of_fire, minmay_temple_entry_drinking_statues

Skill      XL: |  1  2  3  4  5  6  7  8  9 |
---------------+----------------------------+-----
Unarmed Combat | 5 7 8 9 |  9.0
Dodging        | 3 4 5 |  5.4
Fighting       | 3 4 5 |  5.5
Stealth        | 2 3 |  3.7

Action                   |  1- 3 |  4- 6 |  7- 9 || total
-------------------------+-------+-------+-------++-------
Melee: Unarmed           |   134 |    72 |   236 ||   442
       Punch             |       |     1 |    12 ||    13
 Stab: Sleeping          |     2 |       |    14 ||    16
  Eat: Chunk             |    18 |     2 |    23 ||    43
Armor: Robe              |    57 |    18 |    82 ||   157
Dodge: Dodged            |    91 |    31 |   127 ||   249
